 Dungeon Crawl Stone Soup version 0.29-a0-222-g5b244fca1f (webtiles) character file.

Game seed: 5610226402230004250

269 drugrobin the Sneak (level 6, 0/39 HPs)
             Began as a Kobold Delver on Feb 28, 2022.
             Was a Priest of Zin.
             Slain by a jelly (1 damage)
             ... on level 4 of the Dungeon.
             The game lasted 00:13:10 (3375 turns).

drugrobin the Sneak (Kobold Delver)                 Turns: 3375, Time: 00:13:11

Health: 0/39       AC: -1    Str: 10    XL:     6   Next: 46%
Magic:  6/6        EV: 16    Int: 11    God:    Zin [***...]
Gold:   219        SH:  5    Dex: 18    Spells: 5/5 levels left

rFire   . . .      SeeInvis .   a - +1 short sword
rCold   . . .      Faith    .   t - orb {mayhem}
rNeg    . . .      Spirit   .   b - +0 leather armour
rPois   .          Reflect  +   (no helmet)
rElec   .          Harm     .   (no cloak)
rCorr   .          Rampage  .   (no gloves)
Will    .....                   (no boots)
Stlth   +++++.....              q - amulet of reflection
HPRegen 0.13/turn               (no ring)
MPRegen 0.10/turn               (no ring)

@: corroded
A: small, no large weapons, nightstalker 3
a: Renounce Religion, Recite, Vitalisation, Imprison, Donate Gold


You were on level 4 of the Dungeon.
You worshipped Zin.
Zin was most pleased with you.
You visited 2 branches of the dungeon, and saw 7 of its levels.
You also visited: Sewer.

You collected 243 gold pieces.
You donated 24 gold pieces to Zin.

Inventory:

Hand Weapons
 a - a +1 short sword (weapon)
Missiles
 e - a poisoned dart (quivered)
Armour
 b - a +0 leather armour (worn)
 t - an orb of mayhem (worn)
Jewellery
 q - an amulet of reflection (around neck)
Wands
 g - a wand of digging (7)
 p - a wand of flame (15)
Scrolls
 c - 2 scrolls of fog
 i - 3 scrolls of vulnerability {unknown}
 k - a scroll of enchant armour {unknown}
 n - 6 scrolls of identify {unknown}
 o - 2 scrolls of teleportation {unknown}
 s - a scroll of blinking {unknown}
 v - a scroll of fear
Potions
 d - 2 potions of curing {unknown}
 f - a potion of haste
 h - a potion of cancellation {unknown}
 j - a potion of mutation {unknown}
 l - a potion of resistance {unknown}
 m - a potion of might {unknown}
 r - a potion of attraction {unknown}
 u - a potion of brilliance {unknown}


   Skills:
 - Level 4.4 Fighting
 + Level 4.8 Short Blades
 - Level 4.1 Dodging
 + Level 7.9 Stealth
 + Level 1.2 Invocations


You had 5 spell levels left.
You didn't know any spells.
Your spell library was empty.

Dungeon Overview and Level Annotations

Branches:
Dungeon (6/15)             Temple (1/1) D:6           Sewer (visited)

Altars:
Cheibriados
Elyvilon
Fedhas
Gozag
Makhleb
Nemelex Xobeh
Qazlal
Sif Muna
Uskayaw
Wu Jian
Zin
The Shining One

Annotations:
D:4 1 runed translucent door


Innate Abilities, Weirdness & Mutations

You are small and have problems with some larger weapons.
You are completely attuned to the shadows.


Message History

The jelly flies into a frenzy!
The jelly hits the hound.
The hound is splashed with acid.
The acid corrodes the hound!
The hound bites the jelly.
The hound is burned by acid!
The jelly closely misses the hound.
The hound pauses to sniff the ground.
The hound bites the jelly.
The hound is burned by acid!
The hound dies!
Your Invocations skill increases to level 1!
You feel a bit more experienced.
A ball python and a kobold come into view.
Found a book of Weapons.
You see here a book of Weapons.
The helpless kobold fails to defend itself.
You spit the kobold like a pig!!!
You kill the kobold!
The jelly closely misses you. The jelly barely misses you.
You block the jelly's attack.
You see here a +0 club.
The jelly hits you. The acid corrodes you!
You are splashed with acid.
You hit the jelly but do no damage.
Your hands burn!
The jelly is heavily wounded.
You block the jelly's attack.
You hit the jelly.
Your hands burn!
The jelly is severely wounded.
You block the jelly's attack.
You barely miss the jelly.
The jelly is severely wounded.
The jelly hits you.
You are splashed with acid!
You block the jelly's attack.
You completely miss the jelly.
The jelly is severely wounded.
The jelly hits you.
You are splashed with acid!
* * * LOW HITPOINT WARNING * * *
You hit the jelly.
Your hands burn!
* * * LOW HITPOINT WARNING * * *
The jelly is severely wounded.
The jelly misses you.
You completely miss the jelly.
The jelly is severely wounded.
The jelly hits you.
You die...

############
#S..#:J@....
#.....######
###....####
##.≈#....P.#
#≈..#^.PPPP.
#.≈_....._PP
#^.≈≈..PPPPP
#.^......PP#
##§###..#####


You could see a neutral jelly (fast, strong, insane).

Vanquished Creatures
  A hound (D:3)
  A jelly (D:5)
  A hell rat (Sewer)
  Natasha (D:3)
  5 adders
  A river rat (Sewer)
  A white imp (D:6)
  2 orcs (D:4)
  3 ball pythons (D:1)
  3 endoplasms
  2 giant cockroaches
  3 goblins
  3 hobgoblins
  9 jackals
  5 kobolds
  5 bats
  A frilled lizard (D:2)
  4 rats
51 creatures vanquished.

Vanquished Creatures (collateral kills)
  A hound (D:4)
  An orc priest (D:4)
  A goblin (D:4)
  A kobold (D:4)
4 creatures vanquished.

Grand Total: 55 creatures vanquished

Notes
Turn   | Place    | Note
-------+----------+-------------------------------------------
     0 | D:5      | drugrobin the Kobold Delver began the quest for the Orb.
     0 | D:5      | Reached XP level 1. HP: 14/14 MP: 1/1
     5 | D:5      | Noticed a sky beast
    22 | D:6      | Noticed a water moccasin
    54 | D:6      | Reached XP level 2. HP: 19/19 MP: 2/2
    54 | D:6      | Noticed a black bear
    60 | D:6      | Found a staircase to the Ecumenical Temple.
    72 | D:6      | Noticed a phantom
   289 | D:5      | Found a glowing drain.
   298 | D:5      | Reached XP level 3. HP: 18/23 MP: 3/3
   302 | Sewer    | Entered a sewer
   379 | Sewer    | Reached skill level 7 in Stealth
   495 | Sewer    | Reached XP level 4. HP: 29/29 MP: 4/4
   544 | D:5      | Noticed a black bear
   762 | D:6      | Found a shimmering blue altar of Sif Muna.
   931 | Temple   | Entered the Ecumenical Temple
  1196 | Temple   | Became a worshipper of Zin the Law-Giver
  1427 | D:5      | Reached XP level 5. HP: 33/33 MP: 5/5
  1440 | D:5      | Noticed an ogre
  1469 | D:5      | Noticed a phantom
  1516 | D:3      | Noticed Natasha
  1517 | D:3      | Killed Natasha
  1952 | D:2      | Reached * piety under Zin
  2395 | D:1      | Found a faded altar of an unknown god.
  2397 | D:1      | Reached ** piety under Zin
  2706 | D:1      | Reached XP level 6. HP: 39/39 MP: 6/6
  2950 | D:1      | Reached *** piety under Zin
  3096 | D:2      | You fall into a shaft and drop 2 floors!
  3306 | D:4      | Found a runed translucent door.
  3351 | D:4      | Found a stormy altar of Qazlal.
  3356 | D:4      | Found a blossoming altar of Fedhas.
  3359 | D:4      | Reached skill level 1 in Invocations
  3374 | D:4      | HP: 1/39 [acid (4)]
  3375 | D:4      | Slain by a jelly

Illustrated notes

Levels and vault maps discovered:
D:1:      minmay_arrival_four_houses, layout_basic,
          ebering_ecumenical_altar_box, st_stairs_10
D:2:      cheibrodos_pilgrimage, layout_loops_ring, wad_floor_pattern_1,
          minmay_tetromino_t2, uniq_crazy_yiuf_cottage
D:3:      layout_loops_ring, uniq_natasha
D:4:      layout_rooms, grunt_temple_overflow_forces_of_nature,
          ebering_ghost_reflecting_pool, grunt_decor_junction
D:5:      layout_basic, nicolae_overflow_hidden_temple, portal_sewer_entry_d
D:6:      layout_loops_ring, nzn_overflow_gifts_of_might_and_magic,
          minmay_temple_entry_waves, gammafunk_ghost_smash,
          kennysheep_nondescript
Temple:   grunt_temple_mini_profane

Skill      XL: |  1  2  3  4  5  6 |
---------------+-------------------+-----
Short Blades   | 3 4 |  4.8
Dodging        | 3 4 |  4.1
Stealth        | 7 |  7.9
Fighting       | 4 |  4.4
Invocations    | 1 |  1.2

Action                   |  1- 3 |  4- 6 || total
-------------------------+-------+-------++-------
Melee: Short sword       |     8 |   103 ||   111
Throw: Dart              |       |     2 ||     2
Invok: Recite            |       |     2 ||     2
Evoke: Wand              |     7 |     2 ||     9
  Use: Scroll            |     3 |       ||     3
       Potion            |       |     1 ||     1
 Stab: Sleeping          |     5 |    21 ||    26
       Paralysed         |     2 |       ||     2
Armor: Leather armour    |     2 |    21 ||    23
Dodge: Dodged            |     9 |    78 ||    87
Block: Other             |       |     1 ||     1
       Orb               |       |    10 ||    10

Table legend: (Time is in decaauts)
 A = Elapsed time spent in this place.
 B = Non-inter-level travel time spent in this place.
 C = Inter-level travel time spent in this place.
 D = Time resting spent in this place.
 E = Time spent auto-exploring this place.
 F = Levels seen in this place.
 G = Mean time per level.
                   A        B        C        D        E       F      G
               +--------+--------+--------+--------+--------+-----+--------+
         Total |   3366 |   3306 |     60 |    623 |   1403 |   8 |  420.8 |
       Dungeon |   2699 |   2661 |     38 |    329 |   1220 |   6 |  449.8 |
        Temple |    443 |    421 |     22 |    138 |    183 |   1 |  443.0 |
         Sewer |    222 |    222 |      0 |    156 |      0 |   1 |  222.0 |
               +--------+--------+--------+--------+--------+-----+--------+

Top non-repeatable levels by time:
     D:1: 943 daAuts
     D:5: 668 daAuts
  Temple: 443 daAuts
     D:3: 351 daAuts
     D:4: 309 daAuts
     D:2: 272 daAuts
   Sewer: 222 daAuts
     D:6: 154 daAuts
